 Dungeon Sprint DCSS version 0.30-a0-778-g2ef04afb54 (webtiles) character file.

Game seed: 9437003251572505629

11734 rocky1 the Ninja (level 12, -8/85 HPs)
             Began as a Kobold Brigand on Feb 16, 2023.
             Was an Initiate of Gozag.
             Mangled by an iron troll (12 damage)
             ... in the Dungeon (Sprint IX: "|||||||||||||||||||||||||||||").
             The game lasted 00:08:49 (2492 turns).

rocky1 the Ninja (Kobold Brigand)                   Turns: 2492, Time: 00:08:50

Health: -8/85      AC:  8    Str: 14    XL:     12   Next: 11%
Magic:  12/12      EV: 14    Int: 15    God:    Gozag
Gold:   3297       SH:  0    Dex: 21    Spells: 11/11 levels left

rFire   + . .      SeeInvis .    a - +2 rapier (venom)
rCold   . . .      Faith    .    (no shield)
rNeg    . . .      Spirit   .    B - +0 leather armour
rPois   .          Reflect  .    p - +0 helmet
rElec   .          Harm     .    c - +0 cloak
rCorr   .          Rampage  .    q - +0 pair of gloves
Will    .....      NoTele   +    (no boots) Stlth *+++++++++
                                 y - amulet of Venolod {Acrobat rF+ Str+2 Int+3}
HPRegen 0.34/turn                r - +3 ring of strength
MPRegen 0.13/turn                s - +2 ring of protection

@: mighty, brilliant, gold aura, hasted, very quick
A: small, no large weapons, nightstalker 3
a: Renounce Religion, Potion Petition, Call Merchant, Bribe Branch


You were in the Dungeon.
You worshipped Gozag.
Gozag was most pleased with you.
You visited 1 branch You collected 6447 gold pieces.
You spent 672 gold pieces at shops.
You paid 2478 gold pieces to Gozag.

Inventory:

Hand Weapons
 a - a +2 rapier of venom (weapon)
 b - a +2 scimitar of pain
 h - a +1 short sword of holy wrath
 n - a +2 dagger
 A - a +1 heavy scimitar
Missiles
 d - 9 poisoned darts (quivered)
 e - 2 curare-tipped darts
Armour
 c - a +0 cloak (worn)
 o - a +0 robe
 p - a +0 helmet (worn)
 q - a +0 pair of gloves (worn)
 B - a +0 leather armour (worn)
Jewellery
 r - a +3 ring of strength (left hand)
 s - a +2 ring of protection (right hand)
 y - the amulet of Venolod (around neck) {Acrobat rF+ Str+2 Int+3}
   (You bought it in a shop in the Dungeon)

   [amulet of the acrobat]

   It increases your evasion while moving and waiting.
   Str:       It affects your strength (+2).
   Int:       It affects your intelligence (+3).
   rF:        It protects you from fire.
Wands
 m - a wand of iceblast (7)
 u - a wand of charming (1)
Scrolls
 k - a scroll of blinking
 l - 2 scrolls of amnesia
 v - a scroll of fear
 w - a scroll of fog
 x - 3 scrolls of identify
Potions
 f - 6 potions of curing
 g - a potion of might
 i - 4 potions of magic
 j - 6 potions of heal wounds
 t - a potion of resistance
 z - a potion of berserk rage


   Skills:
 - Level 14.0 Fighting
 + Level 17.2(18.9) Short Blades
 + Level 8.6(11.2) Long Blades
 - Level 2.1 Throwing
 - Level 1.2 Dodging
 O Level 27 Stealth
 + Level 4.3 Necromancy


You had 11 spell levels left.
You didn't know any spells.
Your spell library was empty.

Dungeon Overview and Level Annotations

Branches:
Dungeon (1/1)

Altars:
Cheibriados
Dithmenos
Elyvilon
Fedhas
Gozag
Hepliaklqana
Kikubaaqudgha
Makhleb
Nemelex Xobeh
Okawaru
Qazlal
Ru
Sif Muna
Trog
Uskayaw
Vehumet
Wu Jian
Xom
Yredelemnul
Zin
The Shining One
Jiyva
Lugonu

Shops:
D *


Innate Abilities, Weirdness & Mutations

You are small and have problems with some larger weapons.
You are completely attuned to the shadows.


Message History

The iron troll is lightly wounded.
You hit the iron troll but do no damage.
The iron troll looks as sick as possible!
The iron troll is moderately wounded.
You barely miss the iron troll.
The iron troll is moderately wounded.
You puncture the iron troll!
The iron troll looks as sick as possible!
The iron troll is moderately wounded.
You hit the iron troll.
The iron troll looks as sick as possible!
The iron troll is heavily wounded.
The iron troll closely misses you. The iron troll misses you. x2
You hit the iron troll.
The iron troll looks as sick as possible!
The iron troll is heavily wounded.
You hit the iron troll but do no damage.
The iron troll is heavily wounded.
The troll is distracted by your dazzling golden aura.
The troll shouts!
You hit the iron troll but do no damage.
The iron troll looks as sick as possible!
The iron troll is heavily wounded.
You hear a shout!
The troll is no longer distracted by gold.
You hear a shout!
You puncture the iron troll!
The iron troll looks as sick as possible!
You punch the iron troll, but do no damage.
The iron troll is heavily wounded.
You impale the iron troll!!
The iron troll looks as sick as possible!
The iron troll is severely wounded.
The iron troll bites you!
* * * LOW HITPOINT WARNING * * *
The iron troll claws you!
* * * LOW HITPOINT WARNING * * *
The iron troll claws you!
You die...
Your body crumbles into a pile of gold. ▓▓▓▓▓▓▓▓▓▓▓▓▓▓▓▓▓▓▓▓▓ ))'))))))).))..$@TT$$ $ $ $ $$$$$

▓▓▓▓▓▓▓▓▓▓▓▓▓▓▓▓▓▓▓▓▓▓▓▓▓▓▓▓▓▓▓▓▓
.................................
▓▓▓▓▓▓▓▓▓▓▓▓▓▓▓▓▓▓▓▓▓▓▓▓▓▓▓▓▓▓▓▓▓
......'.........'........(?..'..[
▓▓▓▓▓▓▓▓▓▓▓▓▓▓▓▓▓▓▓▓▓▓▓▓▓▓▓▓▓▓▓▓▓
.................................
▓▓▓▓▓▓▓▓▓▓▓▓▓▓▓▓▓▓▓▓▓▓▓▓▓▓▓▓▓▓▓▓▓
________________'..)...[.)').....


You could see an iron troll (extremely poisoned) and a troll.

Vanquished Creatures
  A stone giant (D)
  A hydra (D)
  A centaur warrior (D)
  2 orc high priests (D)
  A deep troll (D)
  2 orc knights (D)
  3 elephants (D)
  A black mamba (D)
  2 cane toads (D)
  3 komodo dragons (D)
  2 trolls (D)
  4 polar bears (D)
  2 blink frogs (D)
  2 yaks (D)
  A wraith (D)
  2 wyverns (D)
  A basilisk (D)
  2 vampire mosquitoes (D)
  2 water moccasins (D)
  9 orc warriors (D)
  4 black bears (D)
  A wolf (D)
  A centaur (D)
  A phantom (D)
  2 scorpions (D)
  A necrophage (D)
  A killer bee (D)
  2 orc priests (D)
  3 orc wizards (D)
  9 orcs (D)
  An endoplasm (D)
  A giant cockroach (D)
  A ball python (D)
  A bat (D)
  A frilled lizard (D)
74 creatures vanquished.

Notes
Turn   | Place    | Note
-------+----------+-------------------------------------------
     0 | D        | rocky1 the Kobold Brigand began the quest for the Orb.
     0 | D        | Reached XP level 1. HP: 12/12 MP: 1/1
    11 | D        | Reached skill level 6 in Stealth
    32 | D        | Noticed a scorpion
    32 | D        | Noticed a phantom
    37 | D        | Killed a scorpion
    38 | D        | Reached skill level 5 in Short Blades
    38 | D        | Reached skill level 9 in Stealth
    38 | D        | Reached XP level 2. HP: 18/20 MP: 2/2
    38 | D        | Reached XP level 3. HP: 21/24 MP: 3/3
    38 | D        | Reached XP level 4. HP: 26/29 MP: 4/4
    45 | D        | Killed a phantom
    46 | D        | Reached skill level 5 in Fighting
    46 | D        | Reached skill level 11 in Stealth
    46 | D        | Reached XP level 5. HP: 35/35 MP: 5/5
   189 | D        | Reached skill level 12 in Stealth
   189 | D        | Reached XP level 6. HP: 41/41 MP: 6/6
   214 | D        | Reached skill level 13 in Stealth
   269 | D        | Found a snail-covered altar of Cheibriados.
   269 | D        | Found a shadowy altar of Dithmenos.
   270 | D        | Found a white marble altar of Elyvilon.
   271 | D        | Found a blossoming altar of Fedhas.
   272 | D        | Found an opulent altar of Gozag.
   273 | D        | Found a hazy altar of Hepliaklqana.
   274 | D        | Found a viscous altar of Jiyva.
   275 | D        | Found an ancient bone altar of Kikubaaqudgha.
   276 | D        | Found a corrupted altar of Lugonu.
   277 | D        | Became a worshipper of Gozag Ym Sagoz the Greedy
   278 | D        | Found a burning altar of Makhleb.
   279 | D        | Found a sparkling altar of Nemelex Xobeh.
   280 | D        | Found an iron altar of Okawaru.
   281 | D        | Found a stormy altar of Qazlal.
   282 | D        | Found a sacrificial altar of Ru.
   283 | D        | Found a shimmering blue altar of Sif Muna.
   284 | D        | Found a bloodstained altar of Trog.
   285 | D        | Found a hide-covered altar of Uskayaw.
   286 | D        | Found a radiant altar of Vehumet.
   287 | D        | Found an ornate altar of the Wu Jian Council.
   288 | D        | Found a shimmering altar of Xom.
   289 | D        | Found a basalt altar of Yredelemnul.
   290 | D        | Found a glowing silver altar of Zin.
   291 | D        | Found a glowing golden altar of the Shining One.
   428 | D        | Noticed a yak
   429 | D        | Noticed a troll
   431 | D        | Noticed a yak
   435 | D        | Reached skill level 14 in Stealth
   441 | D        | Killed a yak
   442 | D        | Reached skill level 10 in Short Blades
   442 | D        | Reached skill level 15 in Stealth
   442 | D        | Reached XP level 7. HP: 49/49 MP: 7/7
   453 | D        | Killed a troll
   454 | D        | Reached skill level 16 in Stealth
   458 | D        | Killed a yak
   459 | D        | Reached skill level 17 in Stealth
   459 | D        | Reached XP level 8. HP: 19/56 MP: 8/8
   599 | D        | Noticed a centaur warrior
   600 | D        | Noticed a basilisk
   601 | D        | Killed a centaur warrior
   602 | D        | Reached skill level 10 in Fighting
   602 | D        | Reached skill level 18 in Stealth
   602 | D        | Reached XP level 9. HP: 63/63 MP: 9/9
   602 | D        | Noticed a troll
   604 | D        | Reached skill level 19 in Stealth
   609 | D        | Killed a troll
   612 | D        | Reached skill level 20 in Stealth
   839 | D        | Noticed a cane toad
   839 | D        | Noticed a blink frog
   840 | D        | Noticed a komodo dragon
   841 | D        | Killed a cane toad
   842 | D        | Noticed a cane toad
   843 | D        | Killed a blink frog
   844 | D        | Noticed a black mamba
   846 | D        | Reached skill level 5 in Long Blades
   846 | D        | Reached XP level 10. HP: 71/71 MP: 10/10
   847 | D        | Killed a komodo dragon
   848 | D        | Reached skill level 21 in Stealth
   849 | D        | Killed a cane toad
   850 | D        | Noticed a five-headed hydra
   864 | D        | Killed a black mamba
  1138 | D        | Reached skill level 22 in Stealth
  1299 | D        | Noticed an elephant
  1300 | D        | Noticed a komodo dragon
  1302 | D        | Noticed a five-headed hydra
  1323 | D        | Killed an elephant
  1324 | D        | Reached skill level 15 in Short Blades
  1335 | D        | Killed a komodo dragon
  1337 | D        | Killed a five-headed hydra
  1338 | D        | Reached skill level 23 in Stealth
  1340 | D        | Noticed an elephant
  1341 | D        | Noticed an elephant
  1347 | D        | Reached XP level 11. HP: 35/78 MP: 11/11
  1356 | D        | Killed an elephant
  1360 | D        | Killed an elephant
  1745 | D        | Reached skill level 24 in Stealth
  1775 | D        | Reached skill level 1 in Necromancy
  2047 | D        | Bought a brown potion for 24 gold pieces
  2047 | D        | Bought a scroll of identify for 54 gold pieces
  2047 | D        | Bought a shimmering platinum amulet for 135 gold pieces
  2047 | D        | Identified the amulet of Venolod {Acrobat rF+ Str+2 Int+3}
                  | (You bought it in a shop in the Dungeon)
  2047 | D        | Bought a potion of berserk rage for 135 gold pieces
  2047 | D        | Bought a potion of heal wounds for 135 gold pieces
  2047 | D        | Bought a glowing scimitar for 189 gold pieces
  2077 | D        | Noticed an orc high priest
  2095 | D        | Killed an orc high priest
  2240 | D        | Noticed an orc high priest
  2246 | D        | Killed an orc high priest
  2247 | D        | Reached skill level 25 in Stealth
  2247 | D        | Noticed an orc knight
  2261 | D        | Killed an orc knight
  2262 | D        | Reached skill level 26 in Stealth
  2267 | D        | Noticed an orc knight
  2277 | D        | Killed an orc knight
  2450 | D        | Noticed a deep troll
  2450 | D        | Noticed a stone giant
  2462 | D        | Killed a stone giant
  2463 | D        | Reached skill level 27 in Stealth
  2463 | D        | Reached XP level 12. HP: 68/85 MP: 12/12
  2463 | D        | Noticed an iron troll
  2473 | D        | Killed a deep troll
  2492 | D        | HP: 4/85 [iron troll (10)]
  2492 | D        | Mangled by an iron troll

Illustrated notes

Levels and vault maps discovered:
D:        linesprint [early_d, line_temple, items_1, d_10, items_2, lair_1,
          lair_end, items_3, orc_1, orc_end, items_4, d_15, swamp_1, shoals_1,
          snake_1, spider_1, d_20, vaults_1, items_5, swamp_end, shoals_end,
          snake_end, spider_end, vaults_end, d_27, items_6, zot_1, zot_end,
          crypt_end, forest_end, elf_end, slime_end, tomb_end, abyss_end,
          pan_hell_end]

Skill      XL: |  1  2  3  4  5  6  7  8  9 10 11 12 |
---------------+-------------------------------------+-----
Short Blades   | 5 7 8 10 11 12 13 15 16 17 | 17.2
Stealth        | 9 11 12 15 17 18 20 23 27 | 27.0
Fighting       | 4 5 6 8 9 10 11 13 14 | 14.0
Long Blades    | 2 5 7 8 |  8.6
Necromancy     | 3 4 |  4.3
Throwing       | |  2.1
Dodging        | |  1.2

Action                     |  1- 3 |  4- 6 |  7- 9 | 10-12 || total
---------------------------+-------+-------+-------+-------++-------
  Melee: Dagger            |    13 |    32 |       |       ||    45
         Rapier            |       |     7 |    23 |   187 ||   217
         Punch             |       |       |     1 |     6 ||     7
         Scimitar          |       |       |       |    44 ||    44
  Throw: Dart              |     2 |       |       |     3 ||     5
 Invoke: Potion Petition   |       |       |       |     4 ||     4
         Call Merchant     |       |       |       |     1 ||     1
  Evoke: Wand              |       |       |     3 |       ||     3
    Use: Potion            |     1 |     1 |       |     7 ||     9
         Scroll            |       |       |       |     3 ||     3
   Stab: Sleeping          |     2 |     2 |     9 |    17 ||    30
         Invisible         |       |       |       |    12 ||    12
         Distracted        |       |       |       |     4 ||     4
 Armour: Robe              |     2 |     3 |     4 |    40 ||    49
         Leather armour    |       |       |       |     4 ||     4
  Dodge: Dodged            |     8 |    10 |    11 |   105 ||   134

Table legend: (Time is in decaauts)
 A = Elapsed time spent in this place.
 B = Non-inter-level travel time spent in this place.
 C = Inter-level travel time spent in this place.
 D = Time resting spent in this place.
 E = Time spent auto-exploring this place.
 F = Levels seen in this place.
 G = Mean time per level.
                   A        B        C        D        E       F      G
               +--------+--------+--------+--------+--------+-----+--------+
         Total |   2324 |   2324 |      0 |   1532 |      0 |   1 | 2324.0 |
       Dungeon |   2324 |   2324 |      0 |   1532 |      0 |   1 | 2324.0 |
               +--------+--------+--------+--------+--------+-----+--------+

Top non-repeatable levels by time:
       D: 2324 daAuts
